AoeStats
← WachTraeumer

Arabia

509316055Analyzed
2v2 RM · 6d ago on Sep 26, 2026· 14m 38s· 4 players
Game mode
Random Map
Map size
Medium (4 player)
Population
200
Speed
Normal
Resources
Standard
Victory
Conquest
Starting age
Dark Age
Ending age
Imperial Age
RankedLock teamsTeams togetherTeam positionsShared explorationLock speedFull tech treeHidden civsTurbo modeCheats
Victory
Defeat
🇩🇪 Mongols · Germany
1052
+20
🇹🇷 Magyars · Türkiye
969
+24
🇵🇰 Khmer · Pakistan
1145
-22
🇵🇰 Tatars · Pakistan
1141
-22
WachTraeumer
6:16 Loom
8:43 Feudal Age
9:21 Double-Bit Axe
11:03 Horse Collar
Pearlie
6:26 Loom
10:18 Feudal Age
OBX
11:42 Feudal Age
14:46 Castle Age
A G H A
9:09 Loom
12:54 Feudal Age
15:15 Wheelbarrow
14:41 Double-Bit Axe
Connection lost

Rejoining the realm…

Still unreachable

The connection could not be restored.

Session expired

The server has moved on; the page needs a fresh start.